 Dungeon Crawl Stone Soup version 0.31-a0-152-g6aa68a64a1 (webtiles) character file.

Game seed: 2457970620837118701

2765 mopl the Covered (level 9, -1/79 HPs)
             Began as an Armataur Fighter on June 10, 2023.
             Was a Follower of Okawaru.
             Succumbed to a hornet's poison
             ... on level 7 of the Dungeon.
             The game lasted 00:06:45 (4974 turns).

mopl the Covered (Armataur Fighter)                 Turns: 4974, Time: 00:06:46

Health: -1/79      AC: 11    Str: 21    XL:     9   Next: 42%
Magic:  10/10      EV:  7    Int: 11    God:    Okawaru [*.....]
Gold:   313        SH:  0    Dex: 15    Spells: 8/8 levels left

rFire   . . .        s - +7 staff of the Meek {protect, meekguard}
rCold   . . .        (shield currently unavailable)
rNeg    . . .        A - +0 chain mail
rPois   .            q - +1 helmet {Int+3}
rElec   .            (no cloak)
rCorr   .            (no gloves)
SInv    +            (no barding)
Will    .....        (no amulet) Stlth
                     E - ring of see invisible
HPRegen 0.33/turn    (no ring)
MPRegen 0.12/turn

%: roll
@: lethally poisoned (-1 -> -16), slowed, studying Short Blades, very slow
A: large, rugged brown scales 3, deformed body, armoured tail, roll, long
tongue, awkward tongue
a: Renounce Religion, Heroism


You were on level 7 of the Dungeon.
You worshipped Okawaru.
Okawaru was aware of your devotion.
You visited 2 branches of the dungeon, and saw 8 of its levels.

You collected 313 gold pieces.

Inventory:

Hand Weapons
 a - a +0 flail
 b - the +9 trident of Dissatisfaction {freeze, rCorr Str-3 Dex+7 SInv}
   (You found it on level 5 of the Dungeon)

   Str:       It affects your strength (-3).
   Dex:       It affects your dexterity (+7).
   SInv:      It lets you see invisible.
   rCorr:     It protects you from acid and corrosion.
 s - the +7 staff of the Meek (weapon) {protect, meekguard}
   (You found it on level 3 of the Dungeon)
Missiles
 l - 6 javelins
 u - 5 boomerangs
Armour
 c - a +0 buckler
 q - a +1 helmet of intelligence (worn)
 A - a +0 chain mail (worn)
Jewellery
 B - a ring of ice
 C - a +6 ring of intelligence
 E - a ring of see invisible (left hand)
Wands
 r - a wand of flame (25)
 D - a wand of paralysis (6)
Scrolls
 f - 6 scrolls of identify {unknown}
 g - a scroll of torment {unknown}
 h - 5 scrolls of teleportation {unknown}
 i - 5 scrolls of enchant weapon {unknown}
 j - a scroll of vulnerability {unknown}
 m - 3 scrolls of blinking {unknown}
 t - 2 scrolls of amnesia {unknown}
 w - a scroll of acquirement {unknown}
 x - a scroll of fog {unknown}
 y - a scroll of enchant armour {unknown}
Potions
 d - a potion of might
 e - 3 potions of mutation {unknown}
 k - 2 potions of haste {unknown}
 n - 2 potions of curing {unknown}
 o - 3 potions of berserk rage {unknown}
 p - a potion of heal wounds
 v - a potion of invisibility {unknown}
 z - a potion of lignification {unknown}


   Skills:
 + Level 5.3 Fighting
 - Level 3.6(5.0) Maces & Flails
 * Level 5.3(5.9) Staves
 + Level 3.7 Throwing
 + Level 7.0 Armour
 + Level 3.5 Dodging
 - Level 3.2 Shields
 + Level 2.2 Invocations
 + Level 4.0 Evocations


You had 8 spell levels left.
You didn't know any spells.
Your spell library contained the following spells:

 Spells                   Type           Power      Damage    Failure   Level
 Magic Dart               Conj           0%         1d3       91%         1
 Searing Ray              Conj           0%         2d4       97%         2
 Fulminant Prism          Conj/Hex       0%         3d5       100%        4


Dungeon Overview and Level Annotations

Branches:
Dungeon (7/15)             Temple (1/1) D:4

Altars:
Ashenzari
Dithmenos
Elyvilon
Fedhas
Gozag
Hepliaklqana
Kikubaaqudgha
Makhleb
Okawaru
Sif Muna
Trog
Uskayaw
Vehumet
Wu Jian
Xom
Yredelemnul
Zin


Innate Abilities, Weirdness & Mutations

You are completely covered in rugged brown scales. (AC +3, +7% HP)
Armour fits poorly on your strangely shaped body.
You have a long armoured tail.
You roll when moving toward enemies. (Rampage)
Your long tongue fully drains potion bottles. (2x potion effects)
Your tongue gives you trouble enunciating. (1.5x scroll delay)


Message History

You feel very sick. The hornet closely misses you. The hornet stings you!
You feel as though you will be slow longer.
You barely miss the hornet.
Your tail-slap misses the hornet.
You feel yourself speed up.
You feel very sick. The hornet stings you!
You feel yourself slow down. The hornet stings you.
You feel as though you will be slow longer.
The hornet stings you but does no damage.
You closely miss the hornet. You tail-slap the hornet.
The hornet is lightly wounded.
You feel sick. The hornet barely misses you. The hornet stings you!
You are more poisoned.
You feel as though you will be slow longer.
You sock the hornet!
Your weapon exudes an aura of protection.
The hornet is severely wounded.
You feel very sick.
The hornet stings you but does no damage. x2
You closely miss the hornet.
The hornet is severely wounded.
You feel very sick.
The hornet stings you but does no damage. x3
Unknown command.
You closely miss the hornet.
The hornet is severely wounded.
You feel sick. The hornet stings you!
* * * LOW HITPOINT WARNING * * *
You are lethally poisoned!
You feel as though you will be slow longer.
The hornet stings you.
* * * LOW HITPOINT WARNING * * *
You suddenly lose the ability to move!
You can move again.
Okay, then.
Aiming: Paralyse
Press: ? - help, Shift-Dir - straight line, f - hornet
Aim: a hornet (severely wounded, chance to affect: 50%)
The hornet resists with some effort.
You die...

. .. ... ....
.....
#########.....o
#....@y.'.....o
##.######......
#.# ##### #.#
#.# #.#
#.########
#........#
########.#


You could see a hornet.

Vanquished Creatures
  Grinder (D:5)
  Eustachio (D:5)
  The ghost of GrimJard the Sneak, an amateur SpBr of Sif Muna (D:5)
  A water moccasin (D:6)
  3 orc warriors
  An ice beast (D:6)
  A black bear (D:5)
  3 ogres (D:6)
  2 centaurs
  A bullfrog (D:4)
  2 scorpions
  2 howler monkeys (D:6)
  3 jellies
  An orc priest (D:3)
  A gnoll bouda (D:4)
  8 hounds
  6 iguanas
  4 orc wizards
  Natasha (thrice) (D:2)
  A hound zombie (D:5)
  Robin (D:2)
  10 gnolls
  9 adders
  A shadow imp (D:6)
  A white imp (D:6)
  An ufetubus (D:6)
  An adder zombie (D:5)
  2 worms
  2 dart slugs (D:4)
  20 orcs
  7 endoplasms
  2 giant cockroaches
  20 goblins
  6 hobgoblins
  8 kobolds
  8 quokkas
  5 ball pythons
  4 frilled lizards
  6 rats
160 creatures vanquished.

Notes
Turn   | Place    | Note
-------+----------+-------------------------------------------
     0 | D:1      | mopl the Armataur Fighter began the quest for the Orb.
     0 | D:1      | Reached XP level 1. HP: 19/19 MP: 1/1
   107 | D:1      | Reached skill level 2 in Maces & Flails
   205 | D:1      | Reached XP level 2. HP: 26/26 MP: 2/2
   239 | D:1      | Found a faded altar of an unknown god.
   610 | D:2      | Reached skill level 3 in Fighting
   610 | D:2      | Reached skill level 4 in Armour
   610 | D:2      | Reached XP level 3. HP: 25/33 MP: 3/3
   610 | D:2      | Noticed Robin
   629 | D:2      | Killed Robin
   750 | D:2      | Noticed Natasha
   767 | D:2      | Killed Natasha
   768 | D:2      | Reached skill level 1 in Dodging
   768 | D:2      | Reached XP level 4. HP: 22/40 MP: 4/4
   827 | D:2      | Reached skill level 3 in Maces & Flails
   947 | D:2      | Noticed Natasha
   964 | D:2      | Killed Natasha
  1151 | D:2      | Noticed Natasha
  1157 | D:2      | Killed Natasha
  1158 | D:2      | Reached XP level 5. HP: 45/48 MP: 5/5
  1434 | D:3      | Found the +7 staff of the Meek {protect, meekguard}
  2026 | D:3      | Reached skill level 1 in Staves
  2026 | D:3      | Reached XP level 6. HP: 52/54 MP: 6/6
  2173 | D:4      | Reached skill level 5 in Armour
  2173 | D:4      | Reached skill level 1 in Evocations
  2193 | D:4      | Found a staircase to the Ecumenical Temple.
  2277 | Temple   | Entered the Ecumenical Temple
  2562 | D:4      | Reached skill level 1 in Throwing
  2567 | D:4      | Found an opulent altar of Gozag.
  2628 | D:4      | Found a burning altar of Makhleb.
  2667 | D:4      | Noticed an orc warrior
  2680 | D:4      | Killed an orc warrior
  2681 | D:4      | Reached skill level 2 in Staves
  2681 | D:4      | Reached skill level 2 in Dodging
  2681 | D:4      | Reached XP level 7. HP: 19/62 MP: 7/7
  3099 | D:5      | Entered Level 5 of the Dungeon
  3100 | D:5      | Noticed Eustachio
  3103 | D:5      | Reached skill level 4 in Fighting
  3119 | D:5      | Noticed Grinder
  3128 | D:5      | Killed Eustachio
  3129 | D:5      | Reached skill level 3 in Staves
  3129 | D:5      | Reached skill level 2 in Throwing
  3129 | D:5      | Reached skill level 2 in Evocations
  3135 | D:5      | Killed Grinder
  3136 | D:5      | Reached XP level 8. HP: 57/71 MP: 8/8
  3362 | D:5      | Found a hide-covered altar of Uskayaw.
  3364 | D:5      | Identified the +9 trident of Dissatisfaction {freeze, rCorr
                  | Str-3 Dex+7 SInv}
  3396 | D:5      | Found a runed translucent gate.
  3396 | D:5      | Found a runed translucent gate.
  3396 | D:5      | Found a runed translucent gate.
  3396 | D:5      | Noticed GrimJard's ghost (amateur SpBr)
  3398 | D:5      | Found a basalt altar of Yredelemnul.
  3418 | D:5      | Killed GrimJard's ghost
  3419 | D:5      | Reached skill level 6 in Armour
  3471 | D:5      | Reached skill level 4 in Staves
  3471 | D:5      | Reached skill level 3 in Evocations
  3913 | D:6      | Found an iron altar of Okawaru.
  3921 | D:6      | Became a worshipper of Warmaster Okawaru
  3944 | D:6      | Reached skill level 3 in Dodging
  3954 | D:6      | Reached skill level 3 in Throwing
  3983 | D:6      | Found a broken altar of Ashenzari.
  4108 | D:6      | Reached skill level 1 in Invocations
  4194 | D:6      | Reached XP level 9. HP: 62/78 MP: 9/9
  4244 | D:6      | Reached skill level 5 in Fighting
  4275 | D:6      | Reached * piety under Okawaru
  4282 | D:6      | Reached skill level 5 in Staves
  4484 | D:6      | Reached skill level 2 in Invocations
  4623 | D:6      | Reached skill level 4 in Evocations
  4727 | D:6      | Reached skill level 7 in Armour
  4973 | D:7      | Paralysed by a hornet for 1 turns
  4974 | D:7      | Succumbed to a hornet's poison

Illustrated notes

Levels and vault maps discovered:
D:1:      evilmike_arrival_fibonacci_small, layout_basic,
          hellmonk_ecumenical_altar_inner_sanctum, hex_tiny, minmay_misc_feat_x
D:2:      layout_rooms, uniq_robin, uniq_natasha
D:3:      wad_woods_settlement, layout_basic, pf_guarded_unrand_meek
D:4:      layout_cave_pools, mainiacjoe_overflow_catch_the_wave,
          minmay_temple_entry_junction, minmay_manual_monolith
D:5:      layout_cave_pools, mainiacjoe_overflow_alcove_2,
          nicolae_yredelemnul_ghost_church, uniq_eustachio, uniq_grinder
D:6:      minmay_recursive_quarters, layout_loops_ring,
          okawaru_altar_gauntlet_db, kennysheep_mini_moat
D:7:      layout_basic, mainiacjoe_overflow_24_doors, minmay_door_square,
          chequers_serial_rivers_marsh, kennysheep_boxes
Temple:   grunt_temple_mini_profane

Skill      XL: |  1  2  3  4  5  6  7  8  9 |
---------------+----------------------------+-----
Maces & Flails | 2 3 |  3.6
Fighting       | 3 4 5 |  5.3
Armour         | 4 5 6 7 |  7.0
Dodging        | 1 2 3 |  3.5
Staves         | 1 2 3 4 5 |  5.3
Evocations     | 1 2 3 4 |  4.0
Throwing       | 1 2 3 |  3.7
Invocations    | 1 2 |  2.2
Shields        | |  3.2

Action                     |  1- 3 |  4- 6 |  7- 9 || total
---------------------------+-------+-------+-------++-------
  Melee: Flail             |    78 |    78 |       ||   156
         Tailslap          |     8 |    18 |    28 ||    54
         Quarterstaff      |       |    96 |   230 ||   326
  Evoke: Wand              |       |       |     1 ||     1
 Armour: Scale mail        |    52 |    95 |    14 ||   161
         Chain mail        |       |       |   159 ||   159
  Dodge: Dodged            |    41 |    67 |    93 ||   201
  Block: Buckler           |    26 |    13 |       ||    39

Table legend: (Time is in decaauts)
 A = Elapsed time spent in this place.
 B = Non-inter-level travel time spent in this place.
 C = Inter-level travel time spent in this place.
 D = Time resting spent in this place.
 E = Time spent auto-exploring this place.
 F = Levels seen in this place.
 G = Mean time per level.
                   A        B        C        D        E       F      G
               +--------+--------+--------+--------+--------+-----+--------+
         Total |   5092 |   4823 |    269 |    669 |   3021 |   8 |  636.5 |
       Dungeon |   4881 |   4651 |    230 |    669 |   2854 |   7 |  697.3 |
        Temple |    210 |    172 |     38 |      0 |    167 |   1 |  210.0 |
               +--------+--------+--------+--------+--------+-----+--------+

Top non-repeatable levels by time:
     D:6: 1107 daAuts
     D:3: 1062 daAuts
     D:5: 729 daAuts
     D:2: 722 daAuts
     D:4: 694 daAuts
     D:1: 525 daAuts
  Temple: 210 daAuts
     D:7: 39 daAuts
